 Dungeon Crawl Stone Soup version 0.24.0-13-gcf9b319 (webtiles) character file.

Game seed: 12993020859384913994, levelgen mode: deterministic

46 Bronimir the Poker (level 3, -3/40 HPs)
             Began as a Demonspawn Gladiator on Apr 10, 2020.
             Slain by an adder (4 damage)
             ... on level 2 of the Dungeon.
             The game lasted 00:01:34 (769 turns).

Bronimir the Poker (Demonspawn Gladiator)            Turns: 769, Time: 00:01:35

Health: -3/40      AC:  4    Str: 20    XL:     3   Next: 46%
Magic:  3/3        EV: 13    Int:  9    God:
Gold:   7          SH:  0    Dex: 14    Spells: 2/2 levels left

rFire    . . .     SeeInvis .   a - +0 trident
rCold    . . .     Gourm    .   (no shield)
rNeg     . . .     Faith    .   i - +0 leather armour
rPois    .         Spirit   .   c - +0 helmet
rElec    .         Reflect  .   (no cloak)
rCorr    .         Harm     .   (no gloves)
MR       .....                  (no boots)
Stlth    ..........             (no amulet)
HPRegen  0.13/turn              (no ring)
MPRegen  0.08/turn              (no ring)

@: berserking, lethally poisoned (-3 -> -5), very quick
A: hooves 2
a: no special abilities


You were on level 2 of the Dungeon.
You were not hungry.

You visited 1 branch of the dungeon, and saw 2 of its levels.

You collected 7 gold pieces.

Inventory:

Hand Weapons
 a - a +0 trident (weapon)
 b - a +0 hunting sling
Missiles
 d - 3 throwing nets (quivered)
 m - 7 sling bullets
Armour
 c - a +0 helmet (worn)
 i - a +0 leather armour (worn)
Jewellery
 l - a cursed ring of teleportation {unknown}
Scrolls
 e - 2 scrolls of identify {unknown}
 j - a scroll of fog {unknown}
 k - 2 scrolls of teleportation {unknown}
Potions
 h - 2 potions of heal wounds {unknown}
Comestibles
 f - 2 rations


   Skills:
 + Level 2.3 Fighting
 + Level 3.4 Polearms
 + Level 0.7(1.4) Slings
 + Level 1.9(2.0) Throwing
 + Level 3.0 Dodging


You had 2 spell levels left.
You didn't know any spells.
Your spell library was empty.

Dungeon Overview and Level Annotations

Branches:
Dungeon (2/15)

Altars:


Innate Abilities, Weirdness & Mutations

You have hoof-like feet.


Message History

* * * LOW HITPOINT WARNING * * *
You are lethally poisoned!
The adder poisons you!
It was a potion of berserk rage.
A red film seems to cover your vision as you go berserk!
You feel yourself moving faster!
You feel mighty!
* * * LOW HITPOINT WARNING * * *
You feel sick. The adder closely misses you.
You are too berserk!
Unknown command.
a - a +0 trident (weapon)
You feel a strong urge to attack something.
You puncture the adder! Your kick misses the adder.
The adder is almost dead.
The adder barely misses you.
You miss the adder. Your kick misses the adder.
The adder is almost dead.
* * * LOW HITPOINT WARNING * * *
You feel sick. The adder bites you.
You die...

...........#
##+#....##.# #.# ..
#.....#... #..### ...
#.....##### ....##♣...
#.....##### #.....♣.♣
#.........# #....♣.♣
#.....###.#####....(♣♣
####....##
#....###>....♣
#......##
####.@S.(†(.(♣
######## #####.....♣
#.....♣ #.......♣
###...♣.♣ #..♣ ♣ ...♣
#...


You could see an adder.

Vanquished Creatures
  An adder (D:2)
  An ooze (D:1)
  A dart slug (D:1)
  4 giant cockroaches (D:1)
  4 goblins (D:1)
  6 hobgoblins
  2 jackals (D:2)
  4 bats (D:1)
  3 frilled lizards
  3 kobolds (D:1)
29 creatures vanquished.

Notes
Turn   | Place    | Note
-------+----------+-------------------------------------------
     0 | D:1      | Bronimir the Demonspawn Gladiator began the quest for the
                  | Orb.
     0 | D:1      | Reached XP level 1. HP: 16/16 MP: 1/1
   157 | D:1      | Gained mutation: You have large cloven feet. [demonic
                  | ancestry]
   157 | D:1      | Reached XP level 2. HP: 17/22 MP: 2/2
   476 | D:1      | Gained mutation: You have hoof-like feet. [demonic
                  | ancestry]
   476 | D:1      | Reached XP level 3. HP: 27/27 MP: 3/3
   765 | D:2      | HP: 1/27 [adder (5)]
   769 | D:2      | Slain by an adder

Levels and vault maps discovered:
D:1:      grunt_arrival_lava_bath, layout_loops_ring
D:2:      wander_river, layout_rooms, gammafunk_temple_overflow_wave,
          chequers_ecumenical_altar_grove, first_ration, solitary_fountain,
          minmay_snake_closets

Skill      XL: |  1  2 |
---------------+-------+-----
Polearms       | 3 |  3.4
Dodging        | 3 |  3.0
Fighting       | |  2.3
Slings         | |  0.7
Throwing       | |  1.9

Action                   || total
-------------------------++-------
Melee: Trident           ||    75
       Kick              ||    10
 Fire: Hunting sling     ||    13
Throw: Throwing net      ||     3
  Use: Potion            ||     1
Armor: Leather armour    ||    24
Dodge: Dodged            ||    37
